 Dungeon Crawl Stone Soup version 0.14-a0-1969-g2c76abe (webtiles) character file.

1844 Kae the Martial Artist (level 8, 0/59 HPs)
             Began as a Black Draconian Transmuter on Jan 16, 2014.
             Slain by a human
             ... wielding a +0,+0 elven scimitar
              (16 damage)
             ... on Level 5 of the Dungeon.
             The game lasted 00:13:28 (6124 turns).

Kae the Martial Artist (Black Draconian Transmuter) Turns: 6124, Time: 00:13:28

HP   0/59        AC  9     Str 17      XL: 8   Next: 61%
MP  13/13        EV 12     Int 15      God:
Gold 258         SH  0     Dex 13      Spells:  3 memorised,  5 levels left

rFire  + . .     SeeInvis .       - Unarmed
rCold  x . .     Clarity  .     (armour unavailable)
rNeg   + . .     Conserve .     (no shield)
rPois  .         rCorr    .     (helmet restricted)
rElec  +         rRot     .     (no cloak)
SustAb . .       Spirit   .     m - +1 pair of gloves
rMut   .         Warding  +     n - +0 pair of boots
Saprov . . .     Stasis   .     h - amulet of warding
MR     .....                    g - ring of fire
                                s - +5 ring of strength

@: not resistant to hostile enchantments, unstealthy
A: breathe lightning, unfitting armour, electricity resistance, AC +6
a: Breathe Lightning


You were on level 5 of the Dungeon.
You were not hungry.

You visited 2 branches of the dungeon, and saw 7 of its levels.

You collected 258 gold pieces.

Inventory:

Missiles
 b - 60 arrows
 k - 5 arrows of flame
Armour
 m - a +1 pair of gloves (worn)
 n - a +0 pair of boots (worn)
Magical devices
 e - a wand of magic darts (14)
 t - a wand of digging (9)
 y - a wand of fireball (4) {unknown}
Comestibles
 a - 3 bread rations
 f - 11 grapes
 i - an apple
 l - a choko
 w - a lychee
 x - a meat ration
 A - a cheese
 B - 2 rotting chunks of giant frog flesh
Scrolls
 c - 6 scrolls of teleportation
 j - 2 scrolls of enchant weapon I
 o - 3 scrolls of remove curse
 p - 3 scrolls of enchant armour {unknown}
 q - 2 scrolls of identify
Jewellery
 g - a ring of fire (right hand)
 h - an amulet of warding (around neck)
 r - an uncursed ring of sustenance {unknown}
 s - a +5 ring of strength (left hand)
Potions
 u - 3 potions of curing
 v - a potion of brilliance {unknown}
 z - a potion of invisibility
Books
 d - a book of Changes

   Spells                             Type                      Level
   *Beastly Appendage                 Transmutation                1
   *Sticks to Snakes                  Transmutation                2
   *Spider Form                       Transmutation/Poison         3
   Ice Form                           Ice/Transmutation            4
   Blade Hands                        Transmutation                5


   Skills:
 - Level 1.1 Fighting
 - Level 1.7 Dodging
 * Level 9.3 Unarmed Combat
 - Level 2.0 Spellcasting
 + Level 6.6 Transmutations


You had 5 spell levels left.
You knew the following spells:

 Your Spells              Type           Power        Failure   Level  Hunger
a - Beastly Appendage     Trmt           ###...       1%          1    #......
b - Sticks to Snakes      Trmt           ###.......   1%          2    ###....
c - Spider Form           Trmt/Pois      ##........   21%         3    ####...


Dungeon Overview and Level Annotations

Branches:
Dungeon (6/16)             Temple (1/1) D:5

Altars:
Ashenzari
Cheibriados
Dithmengos
Elyvilon
Fedhas
Kikubaaqudgha
Nemelex Xobeh
Okawaru
Trog
Vehumet
Xom
Yredelemnul
Zin

Shops:
D:5 =

Annotations:
D:2 Sigmund


Innate Abilities, Weirdness & Mutations

You can breathe wild blasts of lightning.*
Your glossy black scales are hard (AC +6).*
Your body does not fit into most forms of armour.
Your cold-blooded metabolism reacts poorly to cold.
You are resistant to electric shocks.*


Message History

You kill the human!
The human hits you with an elven scimitar!
Unknown command.
You hit the human.
The human is poisoned.
The human is lightly wounded.
The human hits you with an elven scimitar!
* * * LOW HITPOINT WARNING * * *
Your transformation has ended.
You fall off the wall.
Your +1 pair of gloves unmelds from your body.
Your +0 pair of boots unmelds from your body.
Things that are here:
a scimitar; a chain mail; a dwarven shield; a human corpse The human looks more healthy.
There is a stone staircase leading up here.
You hit the human but do no damage.
The human is lightly wounded.
There is a stone staircase leading up here.
The human hits you with an elven scimitar!
You die...

###################
.....>).........@<#
.################@#########
........# #.......#....#
.######.######.8...8...8..#
.# #..........#...#....# ##
#######...###.###.#.#
#....#...#....#
#..8...8...8..#
#....#..%#....#


You could see a human.

Vanquished Creatures
  Prince Ribbit (D:4)
  2 humans
  Purgy (D:4)
  A phantom (D:4)
  An ogre (D:5)
  A centaur (D:3)
  Duvessa (D:4)
  2 giant frogs
  Blork the orc (D:4)
  2 crimson imps
  Dowan (D:4)
  An orc priest (D:3)
  2 iguanas
  An orc wizard (D:3)
  2 scorpions (D:4)
  2 worker ants
  Ijyb (D:1)
  Terence (D:2)
  5 adders
  A giant mite (D:6)
  3 worms
  7 orcs
  A ball python (D:3)
  7 giant cockroaches
  4 hobgoblins
  12 jackals
  3 quokkas
  9 bats
  6 giant newts
  12 goblins
  A hobgoblin zombie (D:3)
  10 kobolds
  2 orc skeletons
  8 rats
  3 butterflies (D:4)
118 creatures vanquished.

Notes
Turn   | Place    | Note
--------------------------------------------------------------
     0 | D:1      | Kae, the Draconian Transmuter, began the quest for the Orb.
     0 | D:1      | Reached XP level 1. HP: 16/16 MP: 3/3
   267 | D:1      | Reached XP level 2. HP: 20/23 MP: 4/4
   770 | D:2      | Noticed Terence
   794 | D:2      | Killed Terence
   794 | D:2      | Reached XP level 3. HP: 8/28 MP: 4/6
  1135 | D:2      | Noticed Sigmund
  1135 | D:2      | Noticed Ijyb
  1167 | D:1      | Killed Ijyb
  1167 | D:1      | Reached skill level 4 in Unarmed Combat
  1716 | D:3      | Reached XP level 4. HP: 35/35 MP: 5/7
  2371 | D:3      | Learned a level 2 spell: Sticks to Snakes
  2375 | D:3      | Learned a level 3 spell: Spider Form
  2670 | D:3      | Noticed a centaur
  2686 | D:3      | Killed a centaur
  2686 | D:3      | Reached skill level 5 in Unarmed Combat
  2686 | D:3      | Reached XP level 5. HP: 27/40 MP: 6/9
  3020 | D:3      | Found a bloodstained altar of Trog.
  3457 | D:4      | Noticed Blork the orc
  3469 | D:4      | Killed Blork the orc
  3469 | D:4      | Reached XP level 6. HP: 39/47 MP: 8/10
  3527 | D:4      | Noticed Prince Ribbit
  3663 | D:4      | Killed Prince Ribbit
  3663 | D:4      | Reached skill level 6 in Unarmed Combat
  3663 | D:4      | Your scales start taking on a glossy black colour.
  3663 | D:4      | Gained mutation: You are resistant to electric shocks. [draconian maturity]
  3663 | D:4      | Reached XP level 7. HP: 36/52 MP: 9/12
  3751 | D:4      | Found a blossoming altar of Fedhas.
  3788 | D:4      | Noticed a phantom
  3807 | D:4      | Killed a phantom
  3807 | D:4      | Reached skill level 7 in Unarmed Combat
  3943 | D:4      | Reached skill level 5 in Transmutations
  4075 | D:4      | Noticed Purgy
  4108 | D:4      | Killed Purgy
  4395 | D:4      | Found a shimmering altar of Xom.
  4417 | D:4      | Noticed Duvessa
  4417 | D:4      | Noticed Dowan
  4440 | D:4      | Killed Dowan
  4675 | D:4      | Killed Duvessa
  5071 | D:5      | Entered Level 5 of the Dungeon
  5169 | D:5      | Reached skill level 8 in Unarmed Combat
  5304 | D:5      | Reached XP level 8. HP: 59/59 MP: 11/13
  5351 | D:5      | Found a staircase to the Ecumenical Temple.
  5360 | Temple   | Entered the Ecumenical Temple
  5582 | D:5      | Found Soef's Jewellery Emporium.
  5873 | D:6      | Reached skill level 9 in Unarmed Combat
  6124 | D:5      | Slain by a human

Action                   |  1- 3 |  4- 6 |  7- 9 || total
-------------------------+-------+-------+-------++-------
Melee: Unarmed           |   121 |   155 |   262 ||   538
 Cast: Beastly Appendage |     8 |    11 |    22 ||    41
       Spider Form       |       |     2 |     6 ||     8
Evoke: Wand              |       |       |     7 ||     7
  Use: Scroll            |       |    19 |       ||    19
       Potion            |       |     5 |     3 ||     8
 Stab: Sleeping          |       |     2 |       ||     2
